 Dungeon Crawl Stone Soup version 0.31-a0-986-g5e6e4ef867 (webtiles) character file.

Game seed: 16533567621373770630

4381 jasper the Fighter (level 10, -8/107 (114) HPs)
             Began as an Ogre Shapeshifter on Nov 4, 2023.
             Was a Follower of Ashenzari.
             Mangled by Jeremiah
             ... wielding a +4 trident of draining
              (9 damage)
             ... on level 8 of the Dungeon.
             The game lasted 00:14:29 (9049 turns).

jasper the Fighter (Ogre Shapeshifter)              Turns: 9049, Time: 00:14:30

HP:   -8/107 (114)  AC:  0    Str: 20    XL:     10   Next: 35%
MP:   10/10         EV: 19    Int: 11    God:    Ashenzari [*.....]
Gold: 497           SH:  0    Dex: 17    Spells: 9/9 levels left

rFire   . .          .
                       - Unarmed
rCold   . . .        (shield currently unavailable)
rNeg    . . .        l - melded +0 steam dragon scales
rPois   .            (helmet currently unavailable)
rElec   .            (cloak currently unavailable)
rCorr   .            (gloves unavailable)
SInv    .            (boots unavailable)
Will    +....        m - amulet of the Tethered Seer {Acrobat, Comp, Melee} (curse)
Stlth   ++           x - melded +5 ring of evasion
HPRegen 0.37/turn    r - melded ring of Ashenzari's Jealousy {Fly, Fort, Cun} (curse)
MPRegen 0.12/turn

%: acrobat
@: bat-form, frozen, flying, drained, invisible, quick
A: fast, flying, no casting, tiny, unfitting armour, (tough skin 1)
a: Renounce Religion, Shatter the Chains


You were on level 8 of the Dungeon.
You worshipped Ashenzari.
Ashenzari was aware of your devotion.
You were a bat.
You visited 2 branches of the dungeon, and saw 9 of its levels.

You collected 497 gold pieces.

Inventory:

Missiles
 p - 9 boomerangs
 E - 2 stones
 F - 16 poisoned darts
Armour
 l - +0 steam dragon scales (melded)
 o - a +0 cloak
Jewellery
 f - an amulet of faith
 k - a +6 ring of intelligence
 m - the cursed amulet of the Tethered Seer (around neck) {Acrobat, Comp, Melee}
   (You found it on level 3 of the Dungeon)

   [amulet of the acrobat]

   Acrobat:   It increases your evasion while moving and waiting.
   It has a curse which improves the following skills: Companions: Summonings
   and Necromancy.
   Melee Combat: Short Blades, Long Blades, Axes, Maces & Flails, Polearms,
   Staves and Unarmed Combat.
 r - the cursed ring of Ashenzari's Jealousy (melded) {Fly, Fort, Cun}
   (You found it on level 4 of the Dungeon)

   [ring of flight]

   Fly:       It grants you flight.
   It has a curse which improves the following skills: Fortitude: Armour and
   Shields.
   Cunning:   Dodging and Stealth.
 x - a +5 ring of evasion (melded)
Talismans
 c - a beast talisman
 d - a flux talisman (active)
 n - a blade talisman
Wands
 b - a wand of flame (25)
 j - a wand of iceblast (2)
 D - a wand of charming (6)
Scrolls
 g - 5 scrolls of teleportation
 t - a scroll of fear
 v - 2 scrolls of vulnerability
 y - a scroll of amnesia
 B - a scroll of immolation
 C - 2 scrolls of blinking
Potions
 a - a potion of lignification
 e - a potion of mutation
 h - a potion of degeneration
 q - 3 potions of might
 s - a potion of brilliance
 u - a potion of ambrosia
 w - 2 potions of magic


   Skills:
 + Level 11.2 Fighting
 - Level 1.7 Dodging
 + Level 8.4(9.2) Unarmed Combat
 + Level 8.3 Shapeshifting


You had 9 spell levels left.
You didn't know any spells.
Your spell library contained the following spells:

 Spells                   Type           Power      Damage    Failure   Level
 Necrotise                Necr           0%         1d4       34%         1
 Slow                     Hex            0%         N/A       34%         1
 Poisonous Vapours        Pois/Air       0%         N/A       47%         2
 Scorch                   Fire           0%         2d5       47%         2
 Sublimation of Blood     Necr           0%         N/A       47%         2
 Wereblood                Tmut           0%         N/A       47%         2
 Confusing Touch          Hex            0%         N/A       71%         3
 Mephitic Cloud           Conj/Pois/Air  0%         N/A       71%         3
 Sigil of Binding         Hex            0%         N/A       71%         3
 Vampiric Draining        Necr           0%         2d6       71%         3
 Flame Wave               Conj/Fire      0%         2d4       98%         4
 Agony                    Necr           0%         N/A       100%        5
 Freezing Cloud           Conj/Ice/Air   0%         6-21      100%        5
 Summon Cactus Giant      Summ           0%         N/A       100%        6
 Summon Hydra             Summ           0%         N/A       100%        7
 Chain Lightning          Conj/Air       0%         N/A       100%        9
 Fire Storm               Conj/Fire      0%         5d1       100%        9
 Shatter                  Erth           0%         3d5*      100%        9


Dungeon Overview and Level Annotations

Branches:
Dungeon (8/15)             Temple (1/1) D:4
   Lair: D:8-11

Altars:
Ashenzari
Cheibriados
Dithmenos
Fedhas
Gozag
Hepliaklqana
Kikubaaqudgha
Makhleb
Nemelex Xobeh
Okawaru
Qazlal
Ru
Sif Muna
Trog
Uskayaw
Xom
Yredelemnul
Zin

Shops:
D:5 :

Annotations:
D:5 3 runed translucent doors, jlumianski's ghost, novice GnSh
D:7 2 transporters, zenocrate's ghost, novice VSEn
D:8 Jeremiah


Innate Abilities, Weirdness & Mutations

You are a bat.
You are tiny and dextrous.
You move quickly.
You are flying.
Your equipment is almost entirely melded.
You are incapable of wielding weapons or throwing items.
You cannot cast spells.
You are too large for most types of armour.
((You have tough skin. (AC +1)))


Message History

Unknown command.
Okay, then.
Unknown command.
You catch the helpless Jeremiah completely off-guard!
You hit Jeremiah but do no damage. Jeremiah barely misses you.
The rime drake bites you.
You take 1 damage, and have 47/110 hp.
You miss Jeremiah. The ice encasing you melts away. Jeremiah misses you.
The rime drake misses you.
You strike the helpless Jeremiah from behind!
You hit Jeremiah but do no damage. The rime drake bites you.
Jeremiah mumbles a slurred invocation.
Something smites you!
* * * LOW HITPOINT WARNING * * *
You take 15 damage, and have 32/110 hp.
You strike the helpless Jeremiah from behind!
You bite Jeremiah!
Jeremiah is lightly wounded.
The rime drake closely misses you.
You hit Jeremiah but do no damage.
Jeremiah is lightly wounded.
Jeremiah barely misses you. The rime drake breathes ice at you.
The icy flash freeze hits you!!
* * * LOW HITPOINT WARNING * * *
You are encased in ice.
You take 26 damage, and have 6/110 hp.
MASSIVE DAMAGE!!
Okay, then.
You feel better.
Jeremiah hits you with a +4 trident of draining!
* * * LOW HITPOINT WARNING * * *
You feel drained. The rime drake bites you.
* * * LOW HITPOINT WARNING * * *
You take 5 damage, and have 1/107 hp.
You fade further into invisibility.
The butterfly disappears in a burst of colours!
Jeremiah hits you with a +4 trident of draining!
You die...
Jeremiah says, "O terrible one, your will is done."

#....... .. ###.#.#.##.###.
####.._.......... ...
#....#.#......#.# ...#
#.............#.### ..K.#
#..#####.#........ ...K. #..#
#.#......# #.KK.
####.b#####.####...#####.
#.K..###....yhkbF#..............
.#.....#..###y###b#.#.##...####.#
#........## #.# #b#...##...#
...#...Y## #.# #b###.##...#
#......## #.# #.# #.##...####.#
#..~... #?###.###.##........#
....y.. #........).....######
.#...~# ########.)###..# .....#
#######.......# #


You could see Jeremiah (unable to see you), a rime drake (unable to see you,
contam), a wolf and 2 killer bees.

Vanquished Creatures
  Maurice (D:8)
  Joseph (D:8)
  Prince Ribbit (D:7)
  Menkaure (D:7)
  A steam dragon (D:6)
  Edmund (D:4)
  5 ice beasts
  3 sky beasts
  2 black bears (D:6)
  An orc warrior (D:7)
  3 wolves (D:8)
  3 centaurs
  An ogre (D:4)
  2 phantoms
  2 kobold brigands
  A bullfrog (D:6)
  A scorpion (D:5)
  4 killer bees (D:8)
  A howler monkey (D:5)
  4 electric eels (D:5)
  A jelly (D:7)
  3 hounds
  5 iguanas
  6 orc wizards
  12 adders
  10 gnolls
  A shadow imp (D:6)
  2 white imps (D:5)
  4 ufetubi
  4 worms
  2 dart slugs
  20 orcs
  9 ball pythons
  6 endoplasms
  A giant cockroach (D:1)
  30 goblins
  34 hobgoblins
  6 jackals (D:1)
  19 kobolds
  4 quokkas (D:1)
  5 bats
  A frilled lizard (D:1)
  4 rats
228 creatures vanquished.

Vanquished Creatures (others)
  A goblin (D:4)
1 creature vanquished.

Grand Total: 229 creatures vanquished

Notes
Turn   | Place    | Note
-------+----------+-------------------------------------------
     0 | D:1      | jasper the Ogre Shapeshifter began the quest for the Orb.
     0 | D:1      | Reached XP level 1. HP: 19/19 MP: 1/1
    46 | D:1      | Reached XP level 2. HP: 21/28 MP: 2/2
   127 | D:1      | Reached skill level 2 in Fighting
   259 | D:1      | Reached XP level 3. HP: 33/35 MP: 3/3
  1137 | D:2      | Reached XP level 4. HP: 34/44 MP: 4/4
  1234 | D:2      | Identified the flux talisman of Gonliyth {rElec rCorr
                  | Slay+2}
  1626 | D:2      | Reached skill level 3 in Fighting
  2132 | D:3      | Reached XP level 5. HP: 53/53 MP: 5/5
  2175 | D:4      | Noticed Edmund
  2190 | D:4      | Killed Edmund
  2191 | D:4      | Reached skill level 4 in Fighting
  2191 | D:4      | Reached XP level 6. HP: 62/62 MP: 6/6
  2533 | D:4      | Found a staircase to the Ecumenical Temple.
  2541 | Temple   | Entered the Ecumenical Temple
  2550 | Temple   | Became a worshipper of Ashenzari the Shackled
  2591 | D:4      | HP: 3/63 [orc/+0 short sword (2)]
  2966 | D:4      | Reached skill level 5 in Fighting
  3790 | D:4      | Reached XP level 7. HP: 72/72 MP: 7/7
  4410 | D:4      | Reached skill level 5 in Unarmed Combat
  4412 | D:4      | Reached skill level 5 in Shapeshifting
  4731 | D:4      | Reached skill level 6 in Fighting
  5168 | D:5      | Entered Level 5 of the Dungeon
  5168 | D:5      | Found a runed translucent gate.
  5168 | D:5      | Found a runed translucent gate.
  5168 | D:5      | Found a runed translucent gate.
  5169 | D:5      | Noticed jlumianski's ghost (novice GnSh)
  5184 | D:5      | Found Wauruos's Book Boutique.
  5316 | D:5      | Reached * piety under Ashenzari
  5338 | D:5      | Identified the +1 dagger of the Sixty-Six Beggars {pain,
                  | *Noise Int+5 Dex+8}
  5390 | D:5      | Found a snail-covered altar of Cheibriados.
  5459 | D:5      | Reached XP level 8. HP: 65/84 MP: 8/8
  5640 | D:5      | Found a transporter.
  5674 | D:5      | Found a transporter.
  6168 | D:5      | Reached skill level 7 in Fighting
  6567 | D:6      | Found an ancient bone altar of Kikubaaqudgha.
  6736 | D:6      | Reached skill level 8 in Fighting
  6763 | D:6      | Reached XP level 9. HP: 17/97 MP: 9/9
  7263 | D:6      | Found a sparkling altar of Nemelex Xobeh.
  7505 | D:7      | Identified the of Yschusky
  7748 | D:7      | Found a bloodstained altar of Trog.
  7841 | D:7      | Noticed Menkaure
  7848 | D:7      | Killed Menkaure
  7849 | D:7      | Reached skill level 9 in Fighting
  7995 | D:7      | Found an opulent altar of Gozag.
  8247 | D:7      | Noticed zenocrate's ghost (novice VSEn)
  8251 | D:7      | Noticed a moth of wrath
  8357 | D:7      | Noticed Prince Ribbit
  8358 | D:7      | Found a transporter.
  8365 | D:7      | Killed Prince Ribbit
  8409 | D:7      | Identified the +2 hat of Resonance {rPois rF- Str+4}
  8424 | D:7      | Found a transporter.
  8545 | D:8      | Noticed Joseph
  8562 | D:8      | Killed Joseph
  8563 | D:8      | Reached skill level 10 in Fighting
  8793 | D:8      | Found a sacrificial altar of Ru.
  8858 | D:8      | Reached XP level 10. HP: 90/111 MP: 10/10
  8994 | D:8      | Noticed Maurice
  8994 | D:8      | Noticed Jeremiah
  9011 | D:8      | Killed Maurice
  9012 | D:8      | Reached skill level 11 in Fighting
  9048 | D:8      | HP: 5/110 [Jeremiah/+4 trident of draining (11)]
  9048 | D:8      | HP: 1/107 [rime drake (4)]
  9049 | D:8      | Mangled by Jeremiah

Illustrated notes

Levels and vault maps discovered:
D:1:      lordsloth_arrival_two_stooges, layout_loops_ring
D:2:      layout_loops_corners, kennysheep_pointless_box, serial_bayou_crossing
D:3:      layout_basic
D:4:      minmay_goblin_kobold_castle, layout_loops_ring,
          minmay_temple_entry_ruins, minmay_cupped, uniq_edmund
D:5:      gammafunk_steamed_eel, layout_rooms, lemuel_tele_altar, serial_shops,
          shop, ebering_ghost_rock_garden
D:6:      minmay_octagon_keep, layout_loops_ring, mainiacjoe_overflow_24_doors,
          nicolae_kikubaaqudgha_miasma_corner
D:7:      layout_basic, grunt_gozag_breadcrumbs, trog_book,
          gammafunk_ghost_berserking_beasts, uniq_menkaure, uniq_prince_ribbit1
D:8:      layout_loops_ring, kennysheep_little_box, lemuel_crystal_altar,
          hellmonk_lair_entry_icy, uniq_jeremiah, uniq_joseph, uniq_maurice
Temple:   hellmonk_temple_two_chambers

Skill      XL: |  1  2  3  4  5  6  7  8  9 10 |
---------------+-------------------------------+-----
Unarmed Combat | 3 4 5 6 7 8 |  8.4
Fighting       | 2 3 4 5 6 8 10 11 | 11.2
Shapeshifting  | 4 5 6 7 8 |  8.3
Dodging        | |  1.7

Action                     |  1- 3 |  4- 6 |  7- 9 | 10-12 || total
---------------------------+-------+-------+-------+-------++-------
  Melee: Unarmed           |   108 |   192 |   381 |    88 ||   769
         Punch             |     1 |     4 |     9 |       ||    14
 Invoke: Curse Item        |       |     1 |     2 |       ||     3
         Shatter the Chain |       |       |     1 |       ||     1
  Evoke: Wand              |       |       |     9 |       ||     9
    Use: Scroll            |       |    11 |     3 |       ||    14
         Potion            |       |     2 |     1 |     4 ||     7
   Stab: Sleeping          |     1 |       |       |       ||     1
         Invisible         |       |       |       |     3 ||     3
         Confused          |       |       |       |     1 ||     1
 Armour: Animal skin       |    56 |   144 |   204 |       ||   404
         Skin              |       |     8 |       |    11 ||    19
         Steam dragon scal |       |       |    81 |    26 ||   107
  Dodge: Dodged            |    46 |    87 |   273 |    81 ||   487
   Form: Flux              |       |       |     1 |       ||     1

Table legend: (Time is in decaauts)
 A = Elapsed time spent in this place.
 B = Non-inter-level travel time spent in this place.
 C = Inter-level travel time spent in this place.
 D = Time resting spent in this place.
 E = Time spent auto-exploring this place.
 F = Levels seen in this place.
 G = Mean time per level.
                   A        B        C        D        E       F      G
               +--------+--------+--------+--------+--------+-----+--------+
         Total |   8967 |   8622 |    345 |    772 |   6162 |   9 |  996.3 |
       Dungeon |   8948 |   8619 |    329 |    772 |   6162 |   8 | 1118.5 |
        Temple |     18 |      2 |     16 |      0 |      0 |   1 |   18.0 |
               +--------+--------+--------+--------+--------+-----+--------+

Top non-repeatable levels by time:
     D:4: 2417 daAuts
     D:5: 1168 daAuts
     D:6: 1158 daAuts
     D:2: 1103 daAuts
     D:7: 988 daAuts
     D:3: 830 daAuts
     D:1: 765 daAuts
     D:8: 517 daAuts
  Temple: 18 daAuts
